Map: Dasan Station LE

Players

MWray

  • Race: Protoss Protoss

Gracz

  • Race: Protoss Protoss
  • League: Silver

ghoster

  • Race: Zerg Zerg

HAJPER

  • Race: Zerg Zerg

VOD

Have the link to the VOD?

Description

Time

  • Played on: Nov. 5, 2016, 10:59 a.m.
  • Length: 10:29
Show
View Real Time Build Order
Export as new Build Order

MWray Protoss 

Build Orders:  

Get SALT Encoding   

  12  0:01  Probe (Chrono Boost)  
  13  0:12  Probe (Chrono Boost)  
  14  0:20  Pylon  
  14  0:25  Probe (Chrono Boost)  
  15  0:39  Probe (Chrono Boost)  
  16  0:44  Gateway  
  16  0:49  Probe (Chrono Boost)  
  17  1:00  Probe (Chrono Boost)  
  18  1:19  Assimilator  
  18  1:29  Gateway  
  18  1:30  Pylon  
  18  1:31  Cybernetics Core  
  18  1:35  Probe (Chrono Boost)  
  19  1:41  Pylon  
  19  1:56  Unknown, Nexus  
  19  2:06  Adept  
  22  2:15  Pylon  
  22  2:16  Probe (Chrono Boost)  
  24  2:29  Adept  
  22  2:31  Warp Gate  
  24  2:50  Assimilator  
  24  2:53  Probe (Chrono Boost)  
  25  3:00  Stalker  
  25  3:03  Zealot  
  30  3:05  Forge, Probe (Chrono Boost)  
  30  3:07  Unknown  
  30  3:39  Stalker  
  32  3:42  Zealot  
  34  3:49  Twilight Council  
  34  3:50  Probe (Chrono Boost)  
  34  3:54  Assimilator  
  36  3:57  Probe (Chrono Boost)  
  36  4:00  Probe (Chrono Boost)  
  37  4:05  Pylon  
  37  4:09  Probe (Chrono Boost)  
  38  4:11  Probe (Chrono Boost)  
  39  4:21  Probe x2 (Chrono Boost)  
  41  4:29  Blink  
  41  4:32  Probe (Chrono Boost)  
  41  4:33  Probe (Chrono Boost)  
  41  4:34  Stalker  
  47  4:46  Zealot  
  47  4:47  Mothership Core (Chrono Boost)  
  47  4:50  Probe (Chrono Boost)  
  47  4:51  Gateway  
  50  5:00  Probe (Chrono Boost)  
  50  5:03  Photon Cannon  
  52  5:07  Pylon, Probe (Chrono Boost)  
  52  5:11  Probe (Chrono Boost)  
  53  5:15  Unknown, Nexus  
  53  5:19  Probe (Chrono Boost)  
  53  5:21  Probe (Chrono Boost), Gateway  
  53  5:25  Gateway  
  53  5:33  Assimilator  
  53  5:42  Protoss Ground Weapons Level 1, Stalker x2  
  58  5:50  Probe (Chrono Boost)  
  58  6:05  Robotics Facility  
  58  6:10  Stalker x3  
  56  6:26  Unknown  
  56  6:32  Probe (Chrono Boost)  
  57  6:37  Probe (Chrono Boost)  
  59  6:40  Probe (Chrono Boost)  
  59  6:42  Probe (Chrono Boost)  
  60  6:49  Probe (Chrono Boost)  
  60  6:50  Gateway, Probe (Chrono Boost)  
  60  6:51  Pylon, Gateway  
  60  6:53  Probe (Chrono Boost), Gateway  
  63  7:01  Probe (Chrono Boost)  
  65  7:02  Probe (Chrono Boost)  
  63  7:10  Robotics Bay  
  63  7:11  Probe (Chrono Boost)  
  63  7:13  Probe (Chrono Boost)  
  63  7:14  Probe (Chrono Boost)  
  66  7:16  Assimilator  
  66  7:17  Assimilator  
  66  7:22  Probe (Chrono Boost)  
  67  7:25  Stalker x5  
  67  7:26  Probe (Chrono Boost)  
  78  7:32  Observer  
  79  7:51  Stalker x3  
  79  7:52  Stalker x3  
  79  7:53  Stalker  
  91  8:08  Pylon  
  91  8:10  Pylon  
  91  8:12  Pylon  
  91  8:15  Extended Thermal Lance  
  83  8:37  Stalker  
  83  8:38  Stalker x5  
  83  8:39  Stalker x2  
  83  8:41  Unknown, Nexus  
  99  8:45  Pylon  
  91  8:57  Templar Archives  
  91  9:01  Stalker  
  91  9:02  Stalker x5  
  101  9:03  Stalker x2  
  101  9:04  Pylon  
  101  9:07  Pylon  
  107  9:25  Photon Cannon  
  107  9:27  Photon Cannon  
  107  9:31  Photon Cannon  
  107  9:33  Assimilator, Colossus  
  107  9:38  Assimilator  
  113  9:52  Unknown  
  113  9:53  Probe (Chrono Boost)  
  114  10:08  Stalker  
  114  10:09  Stalker x6  
Show
View Real Time Build Order
Export as new Build Order

Gracz Protoss 

Build Orders:  

Get SALT Encoding   

  12  0:01  Drone  
  13  0:14  Overlord  
  13  0:20  Drone  
  14  0:42  Unknown, Hatchery  
  14  0:47  Drone x2  
  15  1:05  Spawning Pool  
  15  1:11  Drone  
  15  1:14  Drone  
  16  1:36  Drone  
  16  1:37  Drone x2  
  19  1:40  Extractor  
  18  1:47  Drone  
  19  1:54  Queen, Unknown  
  19  1:55  Queen  
  19  1:56  Drone  
  24  2:07  Drone  
  24  2:08  Drone  
  26  2:10  Overlord  
  26  2:29  Zergling x2  
  27  2:30  Drone x2  
  27  2:32  Zergling x2  
  30  2:59  Evolution Chamber  
  30  3:02  Evolution Chamber  
  30  3:03  Extractor, Drone  
  30  3:04  Drone x4  
  32  3:05  Metabolic Boost  
  32  3:07  Drone  
  32  3:08  Drone x3  
  32  3:09  Overlord x2  
  33  3:40  Drone  
  37  3:41  Drone x10  
  44  3:51  Lair  
  44  3:52  Roach Warren  
  43  3:59  Unknown, Hatchery  
  43  4:00  Extractor  
  43  4:01  Extractor  
  40  4:04  Zerg Ground Armor Level 1  
  40  4:17  Zerg Melee Weapons Level 1  
  40  4:22  Overlord  
  40  4:27  Overlord  
  40  4:30  Drone x2  
  42  4:38  Zergling x2  
  42  4:41  Roach x3  
  49  5:08  Zergling x8  
  49  5:10  Unknown  
  52  5:23  Roach x4  
  52  5:24  Roach x3  
  52  5:26  Overlord  
  66  5:50  Drone x2  
  66  6:10  Roach  
  66  6:14  Overlord x2  
  66  6:21  Overlord  
  66  6:24  Queen  
  64  6:29  Overlord x2  
  64  6:33  Spire  
  64  6:35  Infestation Pit  
  64  6:37  Hydralisk Den  
  61  6:40  Drone x2  
  61  6:41  Drone x8  
  71  7:06  Roach x2  
  73  7:09  Hydralisk x2  
  73  7:10  Hydralisk x3  
  81  7:32  Zerg Missile Weapons Level 1  
  81  7:33  Zerg Ground Armor Level 2  
  81  7:36  Lurker Den  
  79  7:41  Roach  
  79  7:42  Roach x2  
  79  7:43  Roach x4  
  81  7:45  Zergling x2  
  81  7:46  Zergling x6  
  81  8:00  Roach  
  81  8:10  Roach x3  
  87  8:15  Roach  
  88  8:34  Roach  
  89  8:39  Glial Reconstitution  
  88  8:42  Overlord x2  
  83  8:50  Extractor x2  
  83  8:54  Roach x11  
  87  8:56  Spire  
  87  8:59  Hydralisk x3  
  88  9:23  Mutalisk  
  88  9:24  Mutalisk  
  76  9:29  Corruptor x3  
Show
View Real Time Build Order
Export as new Build Order

ghoster Zerg 

Build Orders:  

Get SALT Encoding   

Show
View Real Time Build Order
Export as new Build Order

HAJPER Zerg 

Build Orders:  

Get SALT Encoding   

Tags
 
Add a new tag
Caveats
  • Supply blocks, unpowered buildings, or Contaminate may cause inaccurate times.
  • Supply counts are checked every 10 seconds.